 Dungeon Crawl Stone Soup version 0.17.0-28-g6e173f8 (webtiles) character file.

150 Kisielow the Chopper (level 5, 0/46 HPs)
             Began as a Hill Orc Fighter on Nov 21, 2015.
             Killed from afar by Blork the orc (8 damage)
             ... with a puff of flame
             ... on level 3 of the Dungeon on Nov 29, 2015.
             The game lasted 00:04:40 (2785 turns).

Kisielow the Chopper (Hill Orc Fighter)             Turns: 2785, Time: 00:04:40

Health: 0/46       AC:  8    Str: 20    XL:     5   Next: 32%
Magic:  5/5        EV:  5    Int:  8    God:
Gold:   125        SH: 13    Dex: 10    Spells: 0 memorised, 4 levels left

rFire  . . .     SeeInvis .     a - +0 war axe
rCold  . . .     Clarity  .     b - +0 scale mail
rNeg   . . .     SustAt   .     u - +0 large shield
rPois  .         Gourm    .     (no helmet)
rElec  .         Spirit   .     (no cloak)
rCorr  .         Warding  .     (no gloves)
rMut   .         Stasis   .     h - +0 pair of boots
MR     .....                    (no amulet)
Stlth  ..........               (no ring)
                                (no ring)

@: not resistant to hostile enchantments, extremely unstealthy
A: no striking features
a: no special abilities


You were on level 3 of the Dungeon.
You were not hungry.

You visited 1 branch of the dungeon, and saw 4 of its levels.

You collected 125 gold pieces.

Inventory:

Hand Weapons
 a - a +0 war axe (weapon)
Armour
 b - a +0 scale mail (worn)
 c - a +0 shield
 h - a +0 pair of boots (worn)
 u - a +0 large shield (worn)
Jewellery
 w - an uncursed ring of wizardry {unknown}
Scrolls
 j - a scroll of fog {unknown}
 l - 3 scrolls of identify {unknown}
 o - 2 scrolls of remove curse {unknown}
 p - a scroll of fear {unknown}
 v - a scroll of teleportation {unknown}
Potions
 d - a potion of might
 g - a potion of curing {unknown}
 i - a potion of heal wounds
 n - 2 potions of ambrosia {unknown}
 q - a potion of lignification {unknown}
 r - a potion of poison {unknown}
 s - a potion of flight {unknown}
 t - a potion of cancellation {unknown}
Comestibles
 e - 4 bread rations
 f - 2 fruits
 k - 2 meat rations
 m - a royal jelly


   Skills:
 + Level 4.1 Fighting
 * Level 6.3 Axes
 + Level 3.6 Armour
 + Level 3.4 Shields


You had 4 spell levels left.
You didn't know any spells.

Dungeon Overview and Level Annotations

Branches:
Dungeon (4/15)
 Temple: D:4-7

Altars:

Annotations:
D:3 Blork the orc
D:4 Clownie's ghost, amateur DsCK


Message History

There is a stone staircase leading down here.
You closely miss Blork the orc.
Blork the orc is heavily wounded.
You block Blork the orc's attack.
Blork the orc hits you but does no damage.
Your shield and scale mail prevent you from hitting Blork the orc.
Blork the orc is heavily wounded.
You block Blork the orc's attack.
You slash Blork the orc!
Blork the orc is almost dead.
Blork the orc mumbles some strange words.
Blork the orc flickers and vanishes!
Deactivating autopickup; reactivate with Ctrl-A.
Something hits you!
* * * LOW HITPOINT WARNING * * *
You closely miss something.
You hear some strange, mumbled words.
A puff of flame appears from out of thin air!
The puff of flame hits you!
You die...

#.##..##.#########..# ##.#.####
#.....##............# #.###....
#..#..############..#####.#.####
#..#.## #..#..........) #..#.#
#####..#.######.### #..#.#
#......#.# #.# ##.#.#
#.####.#.######.### #.#.#
###.#............)...
#.#.#######...@{...#.######.###
#.#.#.......#......#.# #.###
#(#.#................# #....
#.#.........#......### #####
#..................#
#.###.<.....###..### #.#
#.......# #..# #.# #.......#
#..# #[# ###########..#


There were no monsters in sight!

Vanquished Creatures
  5 adders
  A gnoll (D:3)
  An ooze (D:1)
  2 worms (D:2)
  3 giant geckos (D:2)
  3 orcs (D:3)
  2 ball pythons
  8 bats
  3 giant cockroaches
  6 goblins
  12 hobgoblins
  7 jackals
  9 kobolds
  4 quokkas
  3 giant newts
  7 rats
76 creatures vanquished.

Notes
Turn   | Place    | Note
--------------------------------------------------------------
     0 | D:1      | Kisielow the Hill Orc Fighter began the quest for the Orb.
     0 | D:1      | Reached XP level 1. HP: 19/19 MP: 1/1
   190 | D:1      | Reached XP level 2. HP: 26/26 MP: 2/2
   299 | D:1      | Reached skill level 4 in Axes
   389 | D:1      | Reached XP level 3. HP: 31/31 MP: 3/3
   820 | D:2      | Reached skill level 5 in Axes
  1270 | D:2      | Reached XP level 4. HP: 37/40 MP: 4/4
  2179 | D:3      | Reached skill level 6 in Axes
  2179 | D:3      | Reached XP level 5. HP: 39/46 MP: 5/5
  2768 | D:4      | Noticed Blork the orc
  2771 | D:4      | Noticed Clownie's ghost (amateur DsCK)
  2785 | D:3      | Killed from afar by Blork the orc

Action                   |  1- 3 |  4- 6 || total
-------------------------+-------+-------++-------
Melee: War axe           |   126 |   170 ||   296
  Eat: Chunk             |     1 |     6 ||     7
